 Dungeon Crawl Stone Soup version 0.29-a0-369-gd956c00756 (webtiles) character file.

Game seed: 4215751812276519599

26325 YayAnonymity the Peltast (level 12, -9/106 HPs)
             Began as a Minotaur Fighter on May 1, 2022.
             Was a Priest of Makhleb.
             Killed from afar by Frances (52 damage)
             ... with a shard of ice
             ... on level 14 of the Dungeon.
             The game lasted 00:26:37 (14463 turns).

YayAnonymity the Peltast (Minotaur Fighter)        Turns: 14463, Time: 00:26:38

Health: -9/106     AC: 30    Str: 26    XL:     12   Next: 97%
Magic:  17/17      EV: 10    Int:  5    God:    Makhleb [***...]
Gold:   887        SH:  7    Dex: 10    Spells: 11/11 levels left

rFire   + + .      SeeInvis .   a - +2 flail (venom)
rCold   . . .      Faith    .   c - +0 buckler
rNeg    . . .      Spirit   .   h - +6 chain mail of Going Fast {Drain rPois rF++ rCorr}
rPois   +          Reflect  .   (helmet restricted)
rElec   .          Harm     .   t - +2 cloak
rCorr   +          Rampage  .   f - +2 pair of gloves
Will    +....                   y - +0 pair of boots
Stlth   ..........              j - amulet of magic regeneration
HPRegen 0.27/turn               D - +4 ring of protection
MPRegen 0.55/turn               w - ring of willpower

@: mighty, lethally poisoned (-9 -> -17), weakened, studying Shields
A: horns 2, retaliatory headbutt
a: Renounce Religion, Minor Destruction, Lesser Servant of Makhleb


You were on level 14 of the Dungeon.
You worshipped Makhleb.
Makhleb was most pleased with you.
You visited 2 branches of the dungeon, and saw 15 of its levels.
You also visited: Ossuary.

You collected 887 gold pieces.

Inventory:

Hand Weapons
 a - a +2 flail of venom (weapon)
 b - a +2 mace of holy wrath
Missiles
 m - 17 poisoned darts (quivered)
Armour
 c - a +0 buckler (worn)
 f - a +2 pair of gloves (worn)
 h - the +6 chain mail of Going Fast (worn) {Drain rPois rF++ rCorr}
   (You found it on level 2 of the Dungeon)

   rF:        It greatly protects you from fire.
   rPois:     It protects you from poison.
   rCorr:     It protects you from acid and corrosion.
   Drain:     It drains your maximum health when unequipped.
 t - a +2 cloak (worn)
 y - a +0 pair of boots (worn)
Jewellery
 j - an amulet of magic regeneration (around neck)
 q - a ring of positive energy
 w - a ring of willpower (right hand)
 D - a +4 ring of protection (left hand)
 L - a ring of magical power
 M - an amulet of reflection
Wands
 l - a wand of flame (35)
 v - a wand of polymorph (15)
 A - a wand of mindburst (8)
Scrolls
 k - 4 scrolls of fog
 n - 3 scrolls of blinking
 x - 2 scrolls of brand weapon
 C - 2 scrolls of summoning
 F - 2 scrolls of fear
 H - 3 scrolls of amnesia
 I - a scroll of magic mapping
 J - 3 scrolls of teleportation
 K - a scroll of holy word
Potions
 d - 6 potions of might
 e - 5 potions of heal wounds
 g - 2 potions of ambrosia
 i - 2 potions of berserk rage
 o - 3 potions of attraction
 p - 6 potions of curing
 r - 4 potions of brilliance
 s - a potion of haste
 u - 2 potions of resistance {unknown}
 z - 5 potions of flight {unknown}
 B - 3 potions of mutation
 E - 3 potions of degeneration {unknown}
 G - 3 potions of invisibility {unknown}


   Skills:
 - Level 10.0 Fighting
 + Level 15.1 Maces & Flails
 - Level 12.0 Armour
 - Level 5.0 Dodging
 + Level 15.7 Shields
 + Level 8.8 Invocations


You had 11 spell levels left.
You didn't know any spells.
Your spell library contained the following spells:

 Spells                   Type           Power      Damage    Failure   Level
 Animate Skeleton         Necr           0%         N/A       95%         1
 Apportation              Tloc           0%         N/A       95%         1
 Beastly Appendage        Tmut           0%         N/A       95%         1
 Magic Dart               Conj           0%         1d3       95%         1
 Sandblast                Erth           0%         2d4       95%         1
 Summon Small Mammal      Summ           0%         N/A       95%         1
 Call Imp                 Summ           0%         N/A       98%         2
 Corpse Rot               Necr/Air       0%         N/A       98%         2
 Ensorcelled Hibernation  Hex/Ice        0%         N/A       98%         2
 Passwall                 Tmut/Erth      0%         N/A       98%         2
 Poisonous Vapours        Pois/Air       0%         N/A       98%         2
 Sublimation of Blood     Necr           0%         N/A       98%         2
 Wereblood                Tmut           0%         N/A       98%         2
 Mephitic Cloud           Conj/Pois/Air  0%         N/A       100%        3
 Spider Form              Tmut/Pois      0%         N/A       100%        3
 Stone Arrow              Conj/Erth      0%         3d7       100%        3
 Swiftness                Air            0%         N/A       100%        3
 Fulminant Prism          Conj/Hex       0%         3d6       100%        4
 Hailstorm                Conj/Ice       0%         3d3       100%        4
 Iskenderun's Mystic Bla  Conj/Tloc      0%         2d3       100%        4
 Petrify                  Tmut/Erth      0%         N/A       100%        4
 Summon Ice Beast         Ice/Summ       0%         N/A       100%        4
 Alistair's Intoxication  Tmut/Pois      0%         N/A       100%        5
 Borgnjor's Vile Clutch   Necr/Erth      0%         N/A       100%        5
 Irradiate                Conj/Tmut      0%         3d13      100%        5
 Lee's Rapid Deconstruct  Erth           0%         3d5*      100%        5
 Summon Mana Viper        Hex/Summ       0%         N/A       100%        5
 Malign Gateway           Summ/Tloc      0%         N/A       100%        7
 Monstrous Menagerie      Summ           0%         N/A       100%        7
 Summon Horrible Things   Summ           0%         N/A       100%        8


Dungeon Overview and Level Annotations

Branches:
Dungeon (14/15)            Temple (1/1) D:5            Lair (0/6) D:9
    Orc (0/2) D:11         Vaults (0/5) D:13        Ossuary (visited)

Altars:
Ashenzari
Cheibriados
Dithmenos
Elyvilon
Fedhas
Gozag
Hepliaklqana
Kikubaaqudgha
Makhleb
Nemelex Xobeh
Okawaru
Qazlal
Ru
Sif Muna
Trog
Uskayaw
Vehumet
Wu Jian
Xom
Yredelemnul
Zin
The Shining One

Shops:
D:10 *

Annotations:
D:12 exclusion: ice statue
D:14 Frances


Innate Abilities, Weirdness & Mutations

You have a pair of horns on your head.
You reflexively headbutt those who attack you in melee.


Message History

You are poisoned.
The orange demon poisons you!
The orange demon hits you but does no damage.
You hit Frances.
Frances looks as sick as possible!
Frances is moderately wounded.
You feel very sick.
The orange demon stings you but does no damage.
The ynoxinul gestures.
Frances hits you with a +0 trident!
You barely miss Frances.
Frances is moderately wounded.
You feel very sick. The orange demon misses you. You furiously retaliate!
You headbutt the orange demon!
The orange demon hits you but does no damage.
The ufetubus hits you but does no damage.
The ufetubus barely misses you. Frances hits you with a +0 trident.
You bludgeon Frances!!
Frances looks as sick as possible!
Frances is heavily wounded.
You feel sick. You block the orange demon's attack.
The ufetubus hits you but does no damage.
You block the ufetubus's attack. Frances hits you but does no damage.
The orange demon stings you but does no damage.
The orange demon hits you.
You feel your attacks grow feeble.
You hit Frances but do no damage.
Frances looks as sick as possible!
You headbutt Frances.
Frances is heavily wounded.
You feel sick. The orange demon closely misses you.
The ynoxinul gestures.
The ufetubus hits you but does no damage.
The ufetubus barely misses you. Frances hits you but does no damage.
You feel very mighty all of a sudden.
You feel very sick. The ufetubus misses you. You block the ufetubus's attack.
The orange demon stings you but does no damage.
The orange demon hits you but does no damage.
Frances whispers indecipherable words.
The shard of ice hits you!!!
You die...

.. ....#######.#
.. .......4....#
...#######@##..#
.......53@5.# #
........54#.#
......#555..# #
......#?###<#..#
....W....u.....#
.....##.....##.#
.... ####### #
...


You could see Frances (fast, extremely poisoned), 2 orange demons, a ynoxinul
(summoned) and 6 ufetubi.

Vanquished Creatures
  2 boulder beetles (D:11)
  An ice dragon (D:13)
  2 hydras
  2 two-headed ogres
  2 centaur warriors (D:13)
  A death knight (D:14)
  Nergalle (D:12)
  Sonja (D:12)
  4 deep elf pyromancers
  A phantasmal warrior (D:13)
  6 ugly things
  4 cyclopes
  Maggie (D:9)
  A freezing wraith (D:13)
  4 trolls
  A troll (shapeshifter) (D:13)
  10 slime creatures
  3 wraiths
  2 shadows
  A vampire (D:13)
  2 wyverns
  A golden eye (shapeshifter) (D:9)
  13 yaks
  4 acid dragons
  A water moccasin (D:7)
  Duvessa (D:7)
  7 orc warriors
  3 sky beasts
  4 black bears
  2 ice beasts (D:6)
  4 ogres
  7 centaurs
  4 boggarts (D:11)
  2 phantoms (D:4)
  2 kobold brigands (D:9)
  An elf zombie (D:4)
  6 bullfrogs
  A gnoll sergeant (D:9)
  A necrophage (D:7)
  3 scorpions
  An elf skeleton (D:4)
  4 wights
  Dowan (D:7)
  9 killer bees
  2 vampire bats (D:9)
  5 howler monkeys
  5 centaur zombies (Ossuary)
  3 hounds
  3 orc priests
  Crazy Yiuf (D:7)
  2 human skeletons (D:4)
  2 gnoll shamans
  4 iguanas
  5 orc wizards
  6 mummies (Ossuary)
  17 gnolls
  10 adders
  A shadow imp (D:7)
  A white imp (D:4)
  An ufetubus (D:5)
  A worm (D:2)
  A dart slug (D:4)
  32 orcs
  8 ball pythons
  5 bat zombies (D:9)
  11 endoplasms
  2 giant cockroaches
  10 goblins
  8 hobgoblins
  4 jackals
  12 kobolds
  9 quokkas
  5 bats
  2 frilled lizards
  3 hobgoblin zombies (Ossuary)
  An orc skeleton (D:4)
  An orc zombie (D:4)
  3 rats
320 creatures vanquished.

Vanquished Creatures (others)
  A fungus (D:9)
  7 plants
8 creatures vanquished.

Grand Total: 328 creatures vanquished

Notes
Turn   | Place    | Note
-------+----------+-------------------------------------------
     0 | D:1      | YayAnonymity the Minotaur Fighter began the quest for the
                  | Orb.
     0 | D:1      | Reached XP level 1. HP: 19/19 MP: 0/0
   176 | D:1      | Reached XP level 2. HP: 26/26 MP: 1/1
   753 | D:2      | Identified the +6 chain mail of Going Fast {Drain rPois
                  | rF++ rCorr}
   992 | D:2      | Reached XP level 3. HP: 31/33 MP: 2/2
  1906 | D:3      | Reached XP level 4. HP: 40/40 MP: 3/3
  1972 | D:3      | Found a faded altar of an unknown god.
  2216 | D:4      | Noticed a phantom
  2229 | D:4      | Killed a phantom
  2230 | D:4      | Reached skill level 5 in Maces & Flails
  2230 | D:4      | Reached XP level 5. HP: 37/47 MP: 4/4
  2455 | D:4      | Reached skill level 5 in Fighting
  2455 | D:4      | Reached XP level 6. HP: 40/56 MP: 5/5
  2481 | D:4      | Reached skill level 5 in Armour
  2491 | D:4      | Found a sand-covered staircase.
  2499 | Ossuary  | Entered an ossuary
  2759 | Ossuary  | Reached XP level 7. HP: 56/61 MP: 6/6
  3079 | D:4      | Found a large runed translucent door.
  3080 | D:4      | Found a large runed translucent door.
  3083 | D:4      | Found a large runed translucent door.
  3083 | D:4      | Found a large runed translucent door.
  3349 | D:4      | Found an opulent altar of Gozag.
  3586 | D:4      | Reached XP level 8. HP: 46/71 MP: 7/7
  3757 | D:5      | Entered Level 5 of the Dungeon
  4162 | D:5      | Found a staircase to the Ecumenical Temple.
  4171 | Temple   | Entered the Ecumenical Temple
  4730 | D:6      | Reached skill level 10 in Maces & Flails
  4748 | D:6      | You fall into a shaft and drop 1 floor!
  4952 | D:7      | Noticed Duvessa
  4954 | D:7      | Noticed Dowan
  4955 | D:7      | Reached XP level 9. HP: 72/80 MP: 8/8
  4973 | D:7      | Killed Duvessa
  4976 | D:7      | Killed Dowan
  5615 | D:7      | Identified a scroll of acquirement
  5615 | D:7      | Acquired a manual of Shields
  6215 | D:7      | Identified the +0 scale mail of Freedom {Dex+5 Stlth-}
  6255 | D:7      | Found a runed translucent door.
  6256 | D:7      | Noticed Crazy Yiuf
  6265 | D:7      | Killed Crazy Yiuf
  6679 | D:8      | Reached skill level 5 in Shields
  7309 | D:9      | Found a shadowy altar of Dithmenos.
  7493 | D:9      | Found an ancient bone altar of Kikubaaqudgha.
  7502 | D:9      | Reached XP level 10. HP: 91/91 MP: 9/9
  7853 | D:9      | Noticed Maggie
  7862 | D:9      | Killed Maggie
  7893 | D:9      | Found a staircase to the Lair.
  7964 | D:9      | Found a sparkling altar of Nemelex Xobeh.
  7966 | D:9      | Found a white marble altar of Elyvilon.
  7966 | D:9      | Found a radiant altar of Vehumet.
  7966 | D:9      | Found a hazy altar of Hepliaklqana.
  7967 | D:9      | Found a snail-covered altar of Cheibriados.
  7967 | D:9      | Found a glowing silver altar of Zin.
  7967 | D:9      | Found a burning altar of Makhleb.
  7975 | D:9      | Became a worshipper of Makhleb the Destroyer
  7985 | D:9      | Reached skill level 10 in Fighting
  7989 | D:9      | Reached skill level 1 in Invocations
  8398 | D:9      | Noticed a two-headed ogre
  8402 | D:9      | Reached * piety under Makhleb
  8408 | D:9      | Killed a two-headed ogre
  8719 | D:10     | Entered Level 10 of the Dungeon
  9094 | D:10     | Found Usifootesu's General Store.
  9325 | D:10     | Reached skill level 1 in Dodging
  9329 | D:10     | Reached XP level 11. HP: 91/99 MP: 12/12
  9493 | D:10     | Reached skill level 10 in Shields
  9729 | D:11     | Found a staircase to the Orcish Mines.
  9904 | D:11     | Noticed a six-headed hydra
  9910 | D:11     | Killed a six-headed hydra
  9966 | D:11     | Noticed a boulder beetle
  9981 | D:11     | Killed a boulder beetle
 10126 | D:11     | Noticed a two-headed ogre
 10135 | D:11     | Noticed a boulder beetle
 10162 | D:11     | Reached skill level 5 in Invocations
 10543 | D:11     | Noticed a boulder beetle
 10561 | D:11     | Killed a boulder beetle
 10561 | D:11     | Reached ** piety under Makhleb
 10562 | D:11     | Reached skill level 10 in Armour
 10920 | D:11     | Noticed a two-headed ogre
 10929 | D:11     | Killed a two-headed ogre
 11532 | D:12     | Noticed Nergalle
 11548 | D:12     | Killed Nergalle
 11549 | D:12     | Reached skill level 5 in Dodging
 11694 | D:12     | Noticed Sonja
 11721 | D:12     | Killed Sonja
 11790 | D:12     | Noticed a six-headed hydra
 11802 | D:12     | Killed a six-headed hydra
 12006 | D:12     | Reached XP level 12. HP: 102/104 MP: 15/15
 12654 | D:13     | Got the Tome of Sharkskin
 12662 | D:13     | Noticed a centaur warrior
 12686 | D:13     | Killed a centaur warrior
 12944 | D:13     | Noticed an ice dragon
 12965 | D:13     | Killed an ice dragon
 13227 | D:13     | Noticed a centaur warrior
 13239 | D:13     | Killed a centaur warrior
 13493 | D:13     | Reached skill level 15 in Shields
 13508 | D:13     | Found a gate to the Vaults.
 13597 | D:14     | Noticed a death knight
 13926 | D:13     | Reached skill level 15 in Maces & Flails
 14099 | D:13     | Reached *** piety under Makhleb
 14292 | D:14     | Killed a death knight
 14339 | D:14     | Noticed Frances
 14463 | D:14     | Killed from afar by Frances

Illustrated notes

Levels and vault maps discovered:
D:1:      minmay_arrival_up_and_down, layout_loops_cross
D:2:      layout_basic, minmay_domino_2
D:3:      layout_loops_ring, shapermc_ecumenical_altar_mp_ritualfount
D:4:      layout_cave_pools, mainiacjoe_overflow_catwalk,
          nicolae_ossuary_entry_catacombs, minmay_misc_feat_cross,
          grunt_ministairs_12, minmay_hollow_rounded_squares
D:5:      layout_cave_pools, minmay_temple_entry_mini_moons
D:6:      dreamdust_elfheim, layout_rooms, serial_bayou_pond_e
D:7:      layout_layer_cave, uniq_duvessa, uniq_crazy_yiuf_cottage
D:8:      layout_rooms
D:9:      minmay_inner_zag, layout_basic, kennysheep_vampire_church,
          grunt_temple_overflow_open, nicolae_dithmenos_shadow_blocks,
          grunt_lair_entry_orc_guard_hut, lightli_fourway_metalbox, uniq_maggie
D:10:     layout_roguey, serial_shops, shop, mrwooster_statue_mirror
D:11:     layout_stronghold, orc_0_dummy
D:12:     layout_rooms, minivault_15, roderic_lattice_a,
          dreamdust_princess_corridor, uniq_sonja, uniq_nergalle
D:13:     layout_basic, david_vaults_4, roderic_roman_lattice
D:14:     layout_basic, serial_shops, shop, nicolae_shop_hallway_stairs,
          shop_coins, shop, nicolae_square_shop, gammafunk_ghost_icy,
          hangedman_decor_diamond_cutter, nicolae_shop_fire_sale
          [nicolae_sub_dead_trees], minmay_unpleasant_kobolds, uniq_kirke,
          uniq_frances, uniq_agnes, uniq_roxanne, uniq_snorg
Temple:   nicolae_temple_x_marks_the_god

Skill      XL: |  1  2  3  4  5  6  7  8  9 10 11 12 |
---------------+-------------------------------------+-----
Maces & Flails | 3 4 5 6 7 8 10 12 14 15 | 15.1
Fighting       | 4 5 6 7 9 10 | 10.0
Armour         | 4 5 6 7 8 9 11 12 | 12.0
Shields        | 5 9 12 15 | 15.7
Invocations    | 3 6 8 |  8.8
Dodging        | 1 5 |  5.0

Action                   |  1- 3 |  4- 6 |  7- 9 | 10-12 || total
-------------------------+-------+-------+-------+-------++-------
Melee: Flail             |    81 |    50 |   215 |   654 ||  1000
       Headbutt          |    11 |    25 |    63 |   158 ||   257
       Whip              |    19 |   100 |   131 |       ||   250
       Mace              |       |       |     7 |     4 ||    11
Throw: Dart              |     1 |       |       |    12 ||    13
Evoke: Wand              |       |       |       |     3 ||     3
  Use: Scroll            |       |     7 |    15 |     1 ||    23
       Potion            |       |       |     1 |     1 ||     2
Armor: Scale mail        |    13 |       |       |       ||    13
       Chain mail        |    44 |   101 |   220 |   372 ||   737
Dodge: Dodged            |    40 |    46 |   133 |   229 ||   448
Block: Buckler           |    24 |    23 |    62 |   162 ||   271

Table legend: (Time is in decaauts)
 A = Elapsed time spent in this place.
 B = Non-inter-level travel time spent in this place.
 C = Inter-level travel time spent in this place.
 D = Time resting spent in this place.
 E = Time spent auto-exploring this place.
 F = Levels seen in this place.
 G = Mean time per level.
                   A        B        C        D        E       F      G
               +--------+--------+--------+--------+--------+-----+--------+
         Total |  14254 |  13638 |    616 |   1194 |   9619 |  16 |  890.9 |
       Dungeon |  13703 |  13087 |    616 |    902 |   9489 |  14 |  978.8 |
        Temple |     93 |     93 |      0 |      0 |     49 |   1 |   93.0 |
       Ossuary |    456 |    456 |      0 |    292 |     81 |   1 |  456.0 |
               +--------+--------+--------+--------+--------+-----+--------+

Top non-repeatable levels by time:
    D:13: 1841 daAuts
     D:9: 1456 daAuts
     D:7: 1382 daAuts
    D:11: 1329 daAuts
    D:12: 1309 daAuts
     D:4: 1091 daAuts
    D:10: 982 daAuts
     D:2: 845 daAuts
     D:1: 763 daAuts
     D:8: 690 daAuts
     D:6: 662 daAuts
     D:3: 627 daAuts
     D:5: 620 daAuts
 Ossuary: 456 daAuts
    D:14: 99 daAuts
